[Event "ICCopen2017"]
[Site "Internet Chess Club"]
[Date "2017.03.19"]
[Round "10"]
[White "dashingfox"]
[Black "BotanicalKnight"]
[Result "1-0"]
[ICCResult "Black checkmated"]
[WhiteElo "1812"]
[BlackElo "1522"]
[Opening "Caro-Kann defense"]
[ECO "B11"]
[NIC "CK.01"]
[Time "21:03:32"]
[TimeControl "180+0"]

1. e4 c6 2. Nc3 d5 3. d3 Nf6 4. e5 Nfd7 5. f4 e6 6. Nf3 Nb6 7. g3 c5 8. Bg2
Nc6 9. O-O Be7 10. Bd2 a6 11. a4 O-O 12. a5 Nd7 13. Ne2 f6 14. exf6 Bxf6 15.
Ra2 Qc7 16. c4 dxc4 17. dxc4 Rd8 18. Qc2 Nf8 19. Bc3 Bxc3 20. Qxc3 Nb4 21.
Ra3 Rd3 22. Qe5 Qxe5 23. Nxe5 Rxa3 24. bxa3 Nc2 25. a4 Nd7 26. Nxd7 Bxd7 27.
Bxb7 Rb8 28. Bxa6 Bxa4 29. Nc3 Ne3 30. Nxa4 Nxf1 31. Kxf1 Rb4 32. Nxc5 Rb1+
33. Kf2 Rb2+ 34. Kg1 Rb1+ 35. Kg2 Rb2+ 36. Kh3 Kf7 37. Bb5 Kf6 38. Ne4+ Kf5
39. Nd6+ Kg6 40. a6 h5 41. a7 Ra2 42. Nc8 Kf5 43. Bc6 g5 44. fxg5 Kxg5 45.
a8=Q Rxa8 46. Bxa8 e5 47. Nd6 h4 48. gxh4+ Kf4 49. h5 e4 50. Nxe4 Ke3 51. h6
Kd4 52. h7 Kxc4 53. h8=Q Kb5 54. Qe5+ Ka6 55. Kg4 Ka7 56. h3 Kb6 57. h4 Ka6
58. Qd5 Ka7 59. Bc6 Kb8 60. Bb7 Kc7 61. Qc6+ Kb8 62. Qc8+ Ka7 63. Qa8+ Kb6
64. Qa6+ Kc7 65. Bc6 Kd8 66. Qa7 Kc8 67. Qb7+ Kd8 68. Qd7# {Black
checkmated} 1-0

[Event "ICCopen2017"]
[Site "Internet Chess Club"]
[Date "2017.03.19"]
[Round "10"]
[White "KH"]
[Black "ural"]
[Result "1-0"]
[ICCResult "Black forfeits on time"]
[WhiteElo "2065"]
[BlackElo "2422"]
[Opening "King's gambit"]
[ECO "C30"]
[NIC "KG.05"]
[Time "21:04:33"]
[TimeControl "180+0"]

1. f4 e5 2. e4 Nc6 3. Nf3 exf4 4. d4 g5 5. d5 g4 6. dxc6 gxf3 7. Qxf3 dxc6
8. Bxf4 Be6 9. Nd2 Qf6 10. O-O-O O-O-O 11. Qe3 Qd4 12. Qxd4 Rxd4 13. Be5
Rxd2 14. Rxd2 f6 15. Bc3 Bh6 16. Kd1 Bxd2 17. Bxd2 Ne7 18. Bc3 Rd8+ 19. Bd3
f5 20. Re1 Ng6 21. Kc1 fxe4 22. Bxe4 Bd5 23. Bxg6 hxg6 24. g3 c5 25. Re7 Rd6
26. Be5 Rc6 27. b3 c4 28. b4 Kd8 29. Rg7 Be4 30. c3 Bf5 31. a4 a6 32. Kd2 b5
33. a5 Kc8 34. Ke3 Bd3 35. Kd4 Kd8 36. Kd5 Rd6+ 37. Bxd6 cxd6 38. Kxd6 Ke8
39. Ra7 {Black forfeits on time} 1-0

[Event "ICCopen2017"]
[Site "Internet Chess Club"]
[Date "2017.03.19"]
[Round "10"]
[White "RockyTop"]
[Black "fishmaster"]
[Result "0-1"]
[ICCResult "White resigns"]
[WhiteElo "1573"]
[BlackElo "1782"]
[Opening "Ruy Lopez: open (Tarrasch) defense"]
[ECO "C80"]
[NIC "RL.27"]
[Time "21:04:36"]
[TimeControl "180+0"]

1. e4 e5 2. Nf3 Nc6 3. Bb5 a6 4. Ba4 Nf6 5. O-O Nxe4 6. Re1 Nc5 7. Nxe5 Be7
8. Bxc6 dxc6 9. d4 Ne6 10. c3 O-O 11. Nd2 c5 12. Ndf3 cxd4 13. cxd4 Qd5 14.
Be3 b6 15. Qc2 Bb7 16. Rac1 Qxa2 17. d5 Qxd5 18. Red1 Qe4 19. Qxe4 Bxe4 20.
Rd7 Rfe8 21. Nd4 Nxd4 22. Bxd4 c5 23. Be3 Bg6 24. Ng4 Bf6 25. Rcd1
{White resigns}
0-1

[Event "ICCopen2017"]
[Site "Internet Chess Club"]
[Date "2017.03.19"]
[Round "10"]
[White "Mysterious17"]
[Black "fletcherdavid"]
[Result "1-0"]
[ICCResult "Black resigns"]
[WhiteElo "1680"]
[BlackElo "1762"]
[Opening "Caro-Kann: Gurgenidze counter-attack"]
[ECO "B15"]
[NIC "CK.05"]
[Time "21:04:26"]
[TimeControl "180+0"]

1. e4 c6 2. d4 d5 3. Nc3 b5 4. e5 b4 5. Na4 e6 6. Nf3 Nd7 7. Be2 a5 8. O-O
c5 9. a3 bxa3 10. Rxa3 cxd4 11. Ra1 Nb6 12. Qxd4 Nxa4 13. Bb5+ Bd7 14. Qxa4
Ne7 15. b4 Bxb5 16. Qxb5+ Qd7 17. Qxd7+ Kxd7 18. bxa5 Nc6 19. a6 Bc5 20. Be3
Bxe3 21. fxe3 Ke7 22. Rab1 Ra7 23. Rb6 Rc8 24. Rfb1 Rcc7 25. Nd4 Nxe5 26.
Nb5 Nc4 27. Nxa7 Nxb6 28. Rxb6 Kd7 29. Nb5 Rxc2 30. a7 Ra2 31. Rb8
{Black resigns}
1-0

[Event "ICCopen2017"]
[Site "Internet Chess Club"]
[Date "2017.03.19"]
[Round "10"]
[White "hecan58"]
[Black "cloak1"]
[Result "1-0"]
[ICCResult "Black checkmated"]
[WhiteElo "1490"]
[BlackElo "1849"]
[Opening "Sicilian: Smith-Morra gambit"]
[ECO "B21"]
[NIC "SI.48"]
[Time "21:03:19"]
[TimeControl "180+0"]

1. e4 c5 2. d4 cxd4 3. c3 dxc3 4. Nxc3 Nc6 5. Nf3 Qc7 6. Bc4 Nf6 7. Qe2 a6
8. O-O Ng4 9. Nd5 Qb8 10. Bf4 d6 11. h3 Nf6 12. Nb6 Ra7 13. Be3 Be6 14. Bxe6
fxe6 15. e5 dxe5 16. Rac1 h6 17. Nh4 g5 18. Nf3 Kf7 19. Rfd1 Bg7 20. Nh2 Rd8
21. Ng4 Rxd1+ 22. Rxd1 Qe8 23. Nxf6 Bxf6 24. Qh5+ Kf8 25. Nd7+ Kg7 26. Qxe8
Nd4 27. Qf8+ Kg6 28. Nxf6 exf6 29. Rxd4 exd4 30. Bxd4 b6 31. Qxf6+ Kh5 32.
g4+ Kh4 33. Kg2 Rh7 34. f3 h5 35. Bf2# {Black checkmated} 1-0

[Event "ICCopen2017"]
[Site "Internet Chess Club"]
[Date "2017.03.19"]
[Round "10"]
[White "blackjack721"]
[Black "ladrife"]
[Result "1/2-1/2"]
[ICCResult "White stalemated"]
[WhiteElo "1383"]
[BlackElo "1476"]
[Opening "Sicilian: closed"]
[ECO "B23"]
[NIC "SI.44"]
[Time "21:03:33"]
[TimeControl "180+0"]

1. e4 c5 2. Nc3 d6 3. Bc4 e6 4. d4 cxd4 5. Qxd4 a6 6. Bb3 Nc6 7. Qc4 Nf6 8.
Bg5 Be7 9. O-O-O Na5 10. Ba4+ b5 11. Nxb5 Nxc4 12. Nxd6+ Kf8 13. Nxc4 Qc7
14. e5 Nd5 15. Bxe7+ Kxe7 16. Nd6 Bb7 17. Nf3 h6 18. Nd4 Rhd8 19. Rd3 a5 20.
Rc3 Nxc3 21. bxc3 Ba6 22. Rd1 Qxc3 23. Nc6+ Kf8 24. Nxd8 Rxd8 25. Bb3 Qxe5
26. f4 Qxf4+ 27. Kb2 Rxd6 28. Rxd6 Qxd6 29. c4 Qd4+ 30. Ka3 Bxc4 31. Bxc4
Qxc4 32. Kb2 Qb4+ 33. Kc2 Qa3 34. Kb1 Qe3 35. Kb2 Qf2+ 36. Kb3 Qxg2 37. a4
Qxh2 38. Kc4 Qb8 39. Kc5 Qb4+ 40. Kc6 Qxa4+ 41. Kd6 Qb4+ 42. Ke5 a4
{White stalemated}
1/2-1/2

[Event "ICCopen2017"]
[Site "Internet Chess Club"]
[Date "2017.03.19"]
[Round "10"]
[White "king-lear"]
[Black "devotional"]
[Result "1-0"]
[ICCResult "Black forfeits on time"]
[WhiteElo "1956"]
[BlackElo "2047"]
[Opening "QGD Slav: 4.e3 Bf5"]
[ECO "D12"]
[NIC "QP.06"]
[Time "21:03:07"]
[TimeControl "180+0"]

1. d4 Nf6 2. Nf3 d5 3. c4 c6 4. e3 Bf5 5. Nc3 e6 6. Nh4 Be4 7. f3 Bg6 8. Qb3
Qb6 9. Nxg6 hxg6 10. Bd2 Na6 11. c5 Qxb3 12. axb3 Nb4 13. Ra4 a5 14. Kf2 Nd7
15. Be2 b5 16. Nxb5 cxb5 17. Bxb5 Rb8 18. Rxa5 Rxb5 19. Rxb5 Nc6 20. Ra1 Be7
21. Ra6 Ndb8 22. Ra8 O-O 23. b4 e5 24. Bc3 exd4 25. exd4 Bf6 26. Rb6 Rc8 27.
b5 Bd8 28. bxc6 Bxb6 29. cxb6 Rxc6 30. Rxb8+ Kh7 31. Bb4 Rc2+ 32. Kg3 Rxb2
33. Bc5 g5 34. Rc8 f5 35. Rc7 Kg6 36. b7 Kh5 37. Rxg7 g4 38. fxg4+ fxg4 39.
Bd6 Rb3+ 40. Kf4 g3 41. hxg3 Kh6 42. b8=Q Rxb8 43. Bxb8 Kxg7 44. Kf5 Kf7 45.
Bd6 Ke8 46. g4 Kd7 47. Be5 Ke8 48. g5 Kf8 49. Bf6 Kg8 50. g6 Kf8 51. Bg5 Kg8
52. Bh6 Kh8 53. Bd2 Kg8 54. Kg5 Kh8 55. Kh6 Kg8 56. g7 Kf7 57. Kh7 Kf6 58.
g8=Q Kf5 59. Qg3 Ke4 60. Be3 Kd3 61. Qe5 Kc4 62. Kg6 Kd3 63. Qxd5 Ke2 64.
Qe5 Kf1 65. Bg5 Kxg2 66. Qe4+ Kg1 67. Qg4+ Kh1 68. Qe4+ {Black forfeits on
time} 1-0

[Event "ICCopen2017"]
[Site "Internet Chess Club"]
[Date "2017.03.19"]
[Round "10"]
[White "ivancele"]
[Black "x-plica"]
[Result "1-0"]
[ICCResult "Black checkmated"]
[WhiteElo "1473"]
[BlackElo "1342"]
[Opening "Queen's pawn"]
[ECO "A40"]
[NIC "QO.17"]
[Time "21:04:06"]
[TimeControl "180+0"]

1. d4 e6 2. c4 c5 3. e3 h6 4. Nf3 Nf6 5. Nc3 a6 6. a4 Be7 7. Be2 b6 8. O-O
O-O 9. Ne5 d6 10. Ng4 cxd4 11. Qxd4 e5 12. Nxf6+ Bxf6 13. Qd5 Ra7 14. Rd1
Rd7 15. Qf3 Bb7 16. Qh3 e4 17. Bd2 Bxc3 18. Bxc3 Bc8 19. Qg3 Qg5 20. Qxg5
hxg5 21. Rd5 Bb7 22. Rxg5 f6 23. Rg6 Kf7 24. Bh5 Kg8 25. Rd1 Kh7 26. Rg3 g6
27. Bxg6+ Kh6 28. Bf5 Rdd8 29. Rg6+ Kh5 30. g4+ Kh4 31. Rh6+ Kg5 32. Rg6+
Kh4 33. Be1 Rh8 34. f4+ Kh3 35. g5# {Black checkmated} 1-0

[Event "ICCopen2017"]
[Site "Internet Chess Club"]
[Date "2017.03.19"]
[Round "10"]
[White "vbtry3"]
[Black "FGM21"]
[Result "0-1"]
[ICCResult "White forfeits on time"]
[WhiteElo "1754"]
[BlackElo "1916"]
[Opening "two knights defense: Kieseritsky variation"]
[ECO "C58"]
[NIC "KP.01"]
[Time "21:03:08"]
[TimeControl "180+0"]

1. e4 e5 2. Nf3 Nc6 3. Bc4 Nf6 4. Ng5 d5 5. exd5 Na5 6. d3 h6 7. Nf3 e4 8.
Qe2 Nxc4 9. dxc4 Bc5 10. h3 O-O 11. Nh2 c6 12. dxc6 bxc6 13. Be3 Qb6 14. b3
Bd4 15. c3 Bc5 16. Nf1 Ba6 17. Bxc5 Qxc5 18. Ne3 Rad8 19. O-O Rd3 20. Rd1
Rfd8 21. Rxd3 Rxd3 22. a4 Nd7 23. Nc2 f5 24. Nb4 Ne5 25. Nxa6 Qd6 26. Na3 c5
27. Nxc5 Qxc5 28. Rd1 Qxa3 29. Rxd3 Nxd3 30. Qe3 Qc1+ 31. Kh2 Qxe3 32. fxe3
Kf7 33. b4 Ke6 34. c5 Kd5 35. c4+ Kc6 36. Kg3 a5 37. bxa5 Kxc5 38. a6 Kb6
39. a7 Kxa7 40. Kh4 g6 41. g4 f4 42. exf4 e3 43. Kg3 e2 44. Kf3 e1=Q 45. f5
Qf2+ {White forfeits on time} 0-1

[Event "ICCopen2017"]
[Site "Internet Chess Club"]
[Date "2017.03.19"]
[Round "10"]
[White "kaimann"]
[Black "BeerMeUpScotty"]
[Result "1-0"]
[ICCResult "Black resigns"]
[WhiteElo "1868"]
[BlackElo "1669"]
[Opening "Benko's opening"]
[ECO "A00"]
[NIC "VO.09"]
[Time "21:04:53"]
[TimeControl "180+0"]

1. g3 c5 2. Bg2 d5 3. d3 Nc6 4. Nd2 e5 5. e4 dxe4 6. dxe4 Nf6 7. Ngf3 Bd6 8.
O-O O-O 9. c3 b5 10. a4 b4 11. Nc4 Be7 12. Nfxe5 Nxe5 13. Nxe5 Bb7 14. f3
Qc7 15. Nc4 Rfd8 16. Qb3 bxc3 17. bxc3 Rab8 18. Bf4 Qc6 19. Bxb8 Rxb8 20.
Na5 Qc7 21. Nxb7 Rxb7 22. Qc4 h6 23. Rab1 Rxb1 24. Rxb1 Qd6 25. f4 Qd2 26.
Bf3 Qe3+ 27. Kg2 h5 28. e5 Ng4 29. Rb8+ Kh7 30. Qe4+ Qxe4 31. Bxe4+ f5 32.
exf6+ {Black resigns} 1-0

[Event "ICCopen2017"]
[Site "Internet Chess Club"]
[Date "2017.03.19"]
[Round "10"]
[White "Burning-Bush"]
[Black "sarge"]
[Result "1-0"]
[ICCResult "Black resigns"]
[WhiteElo "1884"]
[BlackElo "1743"]
[Opening "Queen's Pawn"]
[ECO "A41"]
[NIC "QO.17"]
[Time "21:04:02"]
[TimeControl "180+0"]

1. d4 d6 2. c3 c6 3. e4 Qc7 4. g3 e5 5. Bg2 h6 6. Ne2 Nf6 7. h3 g5 8. O-O
Be7 9. c4 b6 10. Nbc3 Nbd7 11. Be3 Nf8 12. f4 gxf4 13. gxf4 Rg8 14. Kh2 Nh5
15. Bf3 Nf6 16. f5 h5 17. d5 Ng4+ 18. hxg4 hxg4 19. Bg2 Bh4 20. Bf2 Bg5 21.
Kg1 Nh7 22. Qd3 Nf6 23. Bg3 c5 24. Nb5 Qd7 25. a3 a6 26. Nbc3 Ke7 27. b4 Bb7
28. bxc5 bxc5 29. Rab1 Nh5 30. Rb6 Nf4 31. Nxf4 exf4 32. Bxf4 Bxf4 33. Rxf4
f6 34. Qe2 g3 35. Qh5 Rg7 36. Rf1 Rag8 37. Rfb1 Bc8 38. a4 Kf8 39. Qh6 Qe7
40. Rc6 Ke8 41. Rxc8+ Kf7 42. Rxg8 Kxg8 43. Rb8+ Kf7 44. Qh5+ {Black
resigns} 1-0

[Event "ICCopen2017"]
[Site "Internet Chess Club"]
[Date "2017.03.19"]
[Round "10"]
[White "rotyi59"]
[Black "ANGELLR"]
[Result "0-1"]
[ICCResult "White resigns"]
[WhiteElo "1505"]
[BlackElo "1706"]
[Opening "French: Chigorin variation"]
[ECO "C00"]
[NIC "FR.01"]
[Time "21:05:24"]
[TimeControl "180+0"]

1. e4 e6 2. Qe2 c5 3. f4 Nc6 4. Nf3 d5 5. exd5 Qxd5 6. Nc3 Qd8 7. g3 Nf6 8.
Bg2 Be7 9. O-O O-O 10. d3 Qb6 11. Kh1 Rd8 12. Na4 Qa5 13. b3 b5 14. Bd2 Qc7
15. Nc3 a6 16. Ne4 Bb7 17. Nxf6+ Bxf6 18. Rae1 Rd7 19. Be3 Rad8 20. Bxc5 Nd4
21. Bxd4 Bxd4 22. Nxd4 Bxg2+ 23. Qxg2 Rxd4 24. Rf2 R4d6 25. Rfe2 g6 26. Qe4
Rc6 27. c4 Rcd6 28. Re3 Qd7 29. cxb5 Qxb5 30. Rd1 Rd4 31. Qf3 Qa5 32. Rd2
Qxd2 {White resigns} 0-1

[Event "ICCopen2017"]
[Site "Internet Chess Club"]
[Date "2017.03.19"]
[Round "10"]
[White "Eigeneier"]
[Black "NEO2017"]
[Result "0-1"]
[ICCResult "White forfeits on time"]
[WhiteElo "1715"]
[BlackElo "1741"]
[Opening "Dutch defense"]
[ECO "A81"]
[NIC "HD.12"]
[Time "21:03:06"]
[TimeControl "180+0"]

1. d4 f5 2. g3 Nf6 3. Bg2 g6 4. h4 Bg7 5. h5 Nxh5 6. Rxh5 gxh5 7. e4 d6 8.
Qxh5+ Kf8 9. exf5 c6 10. c3 Qe8 11. Qf3 Qf7 12. g4 h5 13. Bh3 hxg4 14. Bxg4
Nd7 15. Nd2 Nf6 16. Bh3 Bd7 17. Ne4 Nxe4 18. Qxe4 d5 19. Qf3 Qh5 20. Bg4 Qh1
21. Qxh1 Rxh1 22. Kf1 Kf7 23. Bf4 Bf6 24. Kg2 Rh4 25. f3 Rg8 26. Kf2 Bg5 27.
Bxg5 Rxg5 28. Re1 Bxf5 29. Bxf5 Rxf5 30. Kg3 Rh6 31. Nh3 Rg6+ 32. Kf2 Rgf6
33. f4 b6 34. Rg1 Rg6 35. Ng5+ Kf6 36. Ke3 Rgxg5 37. fxg5+ Rxg5 38. Rf1+ Rf5
39. Rh1 Rg5 40. Rh6+ Rg6 41. Rh7 Ke6 42. Kf4 a5 43. a3 b5 44. b4 axb4 45.
axb4 Kd6 46. Kf5 Rf6+ 47. Kg4 Rf1 48. Rh6+ e6 49. Rh3 Rg1+ 50. Kf4 Rf1+ 51.
Kg5 Re1 52. Kf6 Rf1+ 53. Kg5 Rf5+ {White forfeits on time} 0-1

[Event "ICCopen2017"]
[Site "Internet Chess Club"]
[Date "2017.03.19"]
[Round "10"]
[White "alan2015"]
[Black "hamlet"]
[Result "1-0"]
[ICCResult "Black forfeits on time"]
[WhiteElo "1501"]
[BlackElo "1644"]
[Opening "Sicilian: Anderssen variation"]
[ECO "B41"]
[NIC "SI.41"]
[Time "21:03:15"]
[TimeControl "180+0"]

1. e4 c5 2. Nf3 e6 3. d4 cxd4 4. Nxd4 Nf6 5. Nc3 a6 6. e5 Ng8 7. f4 Nc6 8.
Be3 Qc7 9. Bd3 h5 10. O-O Nh6 11. h3 g6 12. Nb3 Nf5 13. Bf2 b5 14. Qf3 Bb7
15. Be4 d5 16. Bxf5 gxf5 17. Nd4 Bc5 18. Nxc6 Bxf2+ 19. Qxf2 Bxc6 20. Qc5
Rg8 21. Ne2 Qb7 22. Nd4 Bd7 23. Kh1 Rc8 24. Qd6 Rc4 25. c3 b4 26. Rfc1 bxc3
27. bxc3 Qb2 28. Rg1 Rxc3 29. Rab1 Qxa2 30. Rb8+ Bc8 31. Nc6 Rxh3+ 32. gxh3
Rxg1+ 33. Kxg1 Qa1+ 34. Kg2 Qa2+ 35. Kg3 Qa3+ 36. Kh4 Qc1 37. Kxh5
{Black forfeits on time}
1-0

[Event "ICCopen2017"]
[Site "Internet Chess Club"]
[Date "2017.03.19"]
[Round "10"]
[White "wagnerbi"]
[Black "Activekids"]
[Result "1-0"]
[ICCResult "Black resigns"]
[WhiteElo "2000"]
[BlackElo "1984"]
[Opening "Queen's pawn game, Darooha variation "]
[ECO "D02"]
[NIC "QP.09"]
[Time "21:04:11"]
[TimeControl "180+0"]

1. Nf3 d5 2. d4 Nf6 3. g3 Bg4 4. Bg2 e6 5. O-O Be7 6. Ne5 Bh5 7. c4 O-O 8.
Nc3 c6 9. b3 Nfd7 10. f4 f6 11. Nxd7 Nxd7 12. Bh3 f5 13. Bg2 Nf6 14. Qc2 Ne4
15. Nxe4 fxe4 16. Bh3 Bf7 17. f5 exf5 18. Bxf5 dxc4 19. e3 cxb3 20. axb3 Bd5
21. Bxe4 Rxf1+ 22. Kxf1 Qf8+ 23. Kg1 Bxe4 24. Qxe4 Bd6 25. Qe6+ Kh8 26. Bd2
Re8 27. Qd7 Rd8 28. Qxb7 Qf3 29. Rf1 Qe2 30. Rf2 Qd1+ 31. Kg2 Qh5 32. Qxc6
h6 33. Ba5 Qg5 34. Bxd8 Qxd8 35. Qb7 a5 36. Rf7 Bf8 37. Qd7 Qa8+ 38. d5 Kg8
39. Rf5 Bb4 40. Qe6+ Kh8 41. Rf7 a4 42. Rc7 axb3 43. Rc8+ Qxc8 44. Qxc8+
{Black resigns}
1-0

[Event "ICCopen2017"]
[Site "Internet Chess Club"]
[Date "2017.03.19"]
[Round "10"]
[White "geilgambler"]
[Black "watchout"]
[Result "1-0"]
[ICCResult "Black forfeits on time"]
[WhiteElo "1778"]
[BlackElo "1421"]
[Opening "Queen's pawn: Chigorin variation"]
[ECO "D00"]
[NIC "QP.08"]
[Time "21:03:40"]
[TimeControl "180+0"]

1. d4 d5 2. Nc3 Nf6 3. Bf4 Nc6 4. Nb5 e5 5. dxe5 Ng4 6. Qxd5 Qxd5 7. Nxc7+
Kd8 8. Nxd5 Ngxe5 9. O-O-O Bd7 10. e3 Bd6 11. Bg5+ f6 12. Bh4 Be6 13. Nxf6
gxf6 14. Bxf6+ Kc7 15. Bxh8 Rxh8 16. a3 Rd8 17. h3 h5 18. f4 Nf7 19. Nf3 Ne7
20. Nd4 Bd5 21. Nb5+ Kc8 22. Nxa7+ Kb8 23. Nb5 Rc8 24. Nxd6 Nxd6 25. e4 Nxe4
26. g4 Nf2 27. Rh2 Nxd1 28. Kxd1 Rh8 29. g5 Nf5 30. Bd3 Ne3+ 31. Kd2 Nc4+
32. Kc3 Rc8 33. Kd4 Rd8 34. Bxc4 Bxc4+ 35. Kxc4 Rc8+ 36. Kd3 Rd8+ 37. Ke4
Re8+ 38. Kf5 Rf8+ 39. Ke4 h4 40. f5 Re8+ 41. Kf4 Rd8 42. c3 Rc8 43. g6 Rg8
44. Kg5 Kc7 45. f6 Kd7 46. Re2 Kd6 47. f7 Rxg6+ 48. Kxg6 Kd5 49. f8=Q Kc6
50. Qb4 Kd5 51. Qxh4 b5 52. Qd4+ Kc6 53. Re6+ Kc7 54. Qd6+ Kc8 55. Re8+ Kb7
56. Re7+ {Black forfeits on time} 1-0

[Event "ICCopen2017"]
[Site "Internet Chess Club"]
[Date "2017.03.19"]
[Round "10"]
[White "ibarra"]
[Black "Bozhenka"]
[Result "1-0"]
[ICCResult "Black forfeits on time"]
[WhiteElo "2736"]
[BlackElo "2831"]
[Opening "Sicilian: Najdorf, 6.Bg5"]
[ECO "B94"]
[NIC "SI.04"]
[Time "21:03:07"]
[TimeControl "180+0"]

1. e4 c5 2. Nf3 d6 3. d4 cxd4 4. Nxd4 Nf6 5. Nc3 a6 6. Bg5 Nbd7 7. f4 Qc7 8.
Qf3 b5 9. O-O-O Bb7 10. Bd3 g6 11. Rhe1 Bg7 12. Nd5 Nxd5 13. exd5 O-O 14.
Nc6 e6 15. Ne7+ Kh8 16. Qh3 Nf6 17. Rxe6 fxe6 18. Nxg6+ Kg8 19. Nxf8 Rxf8
20. dxe6 h5 21. Bg6 Rc8 22. Bxf6 Bxf6 23. Qxh5 d5 24. Kb1 Qg7 25. Rd3 Kf8
26. Rg3 Ke7 27. Bd3 Qf8 28. Qh7+ Kxe6 29. Bf5+ Kd6 30. Qxb7 Rc6 31. Qd7+ Kc5
32. Rd3 d4 33. Be4 Rc8 34. Qd5+ Kb6 35. Qb7+ Kc5 36. Qa7+ Kd6 37. Qxa6+ Ke7
38. Qxb5 Kf7 39. Qb3+ Kg7 40. Rg3+ Kh8 41. Qf3 Qh6 42. Rh3 Bh4 43. Qg4 d3
44. Qxc8+ Kg7 45. Qd7+ {Black forfeits on time} 1-0

[Event "ICCopen2017"]
[Site "Internet Chess Club"]
[Date "2017.03.19"]
[Round "10"]
[White "anakinnn"]
[Black "Heian"]
[Result "0-1"]
[ICCResult "White resigns"]
[WhiteElo "1267"]
[BlackElo "1490"]
[Opening "Giuoco Piano: LaBourdonnais variation"]
[ECO "C53"]
[NIC "IG.02"]
[Time "21:04:12"]
[TimeControl "180+0"]

1. e4 e5 2. Nf3 Nc6 3. Bc4 Bc5 4. c3 d6 5. d4 exd4 6. cxd4 Bb6 7. Nc3 Bg4 8.
Be3 Bxf3 9. gxf3 Nge7 10. Rg1 Ng6 11. Qb3 O-O 12. Nd5 Nxd4 13. Bxd4 Bxd4 14.
O-O-O Bxf2 15. Rg2 Bb6 16. Rdg1 Bxg1 17. Rxg1 b6 18. Ne3 Qf6 19. Nf5 a5 20.
Qd1 Kh8 21. Qe1 b5 22. Bd5 c6 23. Bb3 a4 24. Bc2 a3 25. b3 Qb2+ 26. Kd2 b4
27. Rxg6 fxg6 28. Ne7 Rxf3 29. Qh4 Qc3+ 30. Kd1 Rf1+ 31. Ke2 Qf3+ 32. Kd2
Rf2+ 33. Kc1 Qf4+ 34. Kb1 Qxh4 {White resigns} 0-1

[Event "ICCopen2017"]
[Site "Internet Chess Club"]
[Date "2017.03.19"]
[Round "10"]
[White "zoujun1966"]
[Black "ajam"]
[Result "1-0"]
[ICCResult "Black checkmated"]
[WhiteElo "1673"]
[BlackElo "1875"]
[Opening "Alekhine's defense: Maróczy variation"]
[ECO "A00"]
[NIC "VO.13"]
[Time "21:03:51"]
[TimeControl "180+0"]

1. d3 Nf6 2. e4 e5 3. Nf3 d6 4. g3 Be7 5. Bg2 O-O 6. O-O Nbd7 7. c3 c6 8.
Na3 Qc7 9. Nc2 b5 10. Ne3 Nb6 11. Nh4 g6 12. Nf3 a5 13. h4 h5 14. Kh2 Ng4+
15. Kg1 Nxe3 16. Bxe3 Bg4 17. Qd2 Rab8 18. Ng5 Qd7 19. f3 Bxg5 20. Bxg5 Bh3
21. Kh2 Bxg2 22. Kxg2 d5 23. Bf6 Qe6 24. Bg5 f6 25. Be3 Rfd8 26. Qf2 Nd7 27.
b3 Rbc8 28. Rae1 c5 29. f4 d4 30. Bd2 Rf8 31. cxd4 cxd4 32. Bxa5 Nc5 33. Rd1
Nb7 34. Bb4 Rf7 35. Rc1 Rfc7 36. Rxc7 Rxc7 37. fxe5 fxe5 38. Qd2 Rf7 39.
Rxf7 Qxf7 40. Qc2 Qd7 41. a4 bxa4 42. bxa4 Nd8 43. a5 Nc6 44. a6 Nxb4 45.
Qb3+ Kg7 46. Qxb4 Qg4 47. Qb2 Kh6 48. a7 Qc8 49. Qb8 Qc2+ 50. Kh3 Qxd3 51.
Qh8# {Black checkmated} 1-0

[Event "ICCopen2017"]
[Site "Internet Chess Club"]
[Date "2017.03.19"]
[Round "10"]
[White "P10"]
[Black "Theunrock"]
[Result "0-1"]
[ICCResult "White forfeits on time"]
[WhiteElo "1526"]
[BlackElo "1661"]
[Opening "Two knights defense"]
[ECO "C55"]
[NIC "IG.01"]
[Time "21:03:40"]
[TimeControl "180+0"]

1. e4 e5 2. Nf3 Nc6 3. Bc4 Nf6 4. O-O Bc5 5. c3 Bb6 6. d4 Qe7 7. Re1 d6 8.
Bg5 h6 9. Bh4 O-O 10. Bb3 Kh8 11. Na3 g5 12. Nxg5 hxg5 13. Bxg5 Rg8 14. h4
exd4 15. Qf3 Rg6 16. Nc4 Ne5 17. Nxe5 Qxe5 18. Bxf7 Bg4 19. Qd3 Rg7 20. f4
dxc3+ 21. Kh1 Qd4 22. Qxd4 Bxd4 23. e5 cxb2 24. Rab1 dxe5 25. Bxf6 Kh7 26.
Bxg7 Kxg7 27. Bd5 c6 28. Bb3 exf4 {White forfeits on time} 0-1

[Event "ICCopen2017"]
[Site "Internet Chess Club"]
[Date "2017.03.19"]
[Round "10"]
[White "nurmi"]
[Black "manitodeplomo"]
[Result "1-0"]
[ICCResult "Black forfeits on time"]
[WhiteElo "2306"]
[BlackElo "2538"]
[Opening "English: Neo-Catalan declined"]
[ECO "A14"]
[NIC "RE.09"]
[Time "21:03:30"]
[TimeControl "180+0"]

1. c4 e6 2. g3 d5 3. Bg2 Nf6 4. Nf3 Be7 5. O-O O-O 6. b3 b6 7. Bb2 Bb7 8.
Nc3 dxc4 9. bxc4 c5 10. d3 Nc6 11. e3 Qc8 12. Qe2 Rd8 13. Rfd1 Na5 14. Rac1
a6 15. Na4 Nd7 16. d4 Qc7 17. d5 exd5 18. cxd5 b5 19. Nc3 Nc4 20. Ba1 Re8
21. a4 Nd6 22. axb5 Bf6 23. bxa6 Bxa6 24. Qc2 Nb6 25. h4 h6 26. e4 Nbc4 27.
Re1 Qa5 28. e5 Nxe5 29. Nxe5 Bxe5 30. Ne4 Nxe4 31. Bxe4 Bd4 32. d6 Rad8 33.
d7 Rf8 34. Bf5 Bb5 35. Bxd4 cxd4 36. Qc7 Qxc7 37. Rxc7 d3 38. Rd1 g6 39.
Bxd3 Rxd7 40. Rxd7 Bxd7 41. Bxg6 Bg4 42. Rd4 fxg6 43. Rxg4 Kg7 44. Rd4
{Black forfeits on time}
1-0

[Event "ICCopen2017"]
[Site "Internet Chess Club"]
[Date "2017.03.19"]
[Round "10"]
[White "saya"]
[Black "elshan-defence"]
[Result "1-0"]
[ICCResult "Black forfeits on time"]
[WhiteElo "2817"]
[BlackElo "2700"]
[Opening "Queen's pawn: London system"]
[ECO "A45"]
[NIC "QP.07"]
[Time "21:03:06"]
[TimeControl "180+0"]

1. d4 Nf6 2. Bf4 e6 3. e3 Bd6 4. Bg3 b6 5. Nd2 Bb7 6. Ngf3 O-O 7. Bd3 Qe7 8.
Qe2 c5 9. c3 Nc6 10. Bh4 Qd8 11. a3 Be7 12. e4 cxd4 13. cxd4 Nh5 14. Bg3 g6
15. O-O Nxg3 16. hxg3 d6 17. Rac1 a6 18. Qe3 Bf6 19. Rfd1 Bg7 20. Bb1 b5 21.
Ba2 Ne7 22. Nf1 Rc8 23. Qd3 Qb6 24. Ne3 Rxc1 25. Rxc1 Rc8 26. Rxc8+ Bxc8 27.
g4 h6 28. Bb3 Bb7 29. Bc2 a5 30. Qc3 b4 31. axb4 Qxb4 32. Nc4 Nc6 33. Qxb4
Nxb4 34. Nxd6 Bc6 35. Bb1 a4 36. Nc4 Bb5 37. Ne3 Be2 38. e5 Bd3 39. Bxd3
Nxd3 40. Nc4 Nxb2 41. Nxb2 a3 42. Nd2 axb2 43. Kf1 f6 44. f4 fxe5 45. dxe5
Bf8 46. Ke2 Bb4 47. Nb1 Kf7 48. Kd3 Be1 49. Ke4 Bf2 50. Nc3 Be1 51. Nb1 Bf2
52. Kf3 Be1 53. Ke2 Bb4 54. Kd3 Be1 55. Ke4 Bf2 56. Kf3 Be1 57. Ke4 Bb4 58.
Kd4 Be1 59. Kd3 Bg3 60. Ke3 Be1 61. Ke2 Bg3 62. Kf3 Be1 63. g3 g5 64. f5 h5
65. gxh5 exf5 66. g4 f4 67. Ke4 Bb4 68. h6 Kg6 69. e6 Kh7 70. e7 Bxe7 71.
Kf5 Bd8 72. Ke4 Kxh6 73. Kf3 Kg6 74. Nd2 Bf6 75. Nb1 Bd4 76. Nd2 Be3 77. Nb1
{Black forfeits on time}
1-0